[Event "Titled Tuesday Blitz November 29 Late 2022"]
[White "Forgacs, Attila Jr."]
[Black "Battlecruiser_Operational"]
[WhiteFideId "773654"]
[WhiteElo "2168"]
[BlackElo "2175"]
[Result "0-1"]
[Round "09"]
[TimeControl "180+1"]
[Date "2022.11.30"]
[WhiteClock "0:00:07"]
[BlackClock "0:00:08"]

1. e4 c6 2. d4 d5 3. Nd2 dxe4 4. Nxe4 Nd7 5. Ng5 Ndf6 6. Bd3 Nh6 7. c3 g6 8. N1f3 Bg7 9. O-O O-O 10. Re1 Bf5 11. Ne5 Bxd3 12. Qxd3 Nf5 13. Bf4 Rc8 14. Qh3 e6 15. Ng4 Nh5 16. Ne3 h6 17. g4 Nxf4 18. Qf3 hxg5 19. gxf5 exf5 20. Nc4 f6 21. h4 Qd5 22. Qxd5+ cxd5 23. Nd6 Rcd8 24. Nxb7 Rb8 25. Nc5 Rxb2 26. Re7 Nh3+ 27. Kg2 Nxf2 28. Rxa7 Ne4+ 29. Kg1 gxh4 30. Ne6 Rf7 31. Ra8+ Kh7 32. Rf1 Bh6 33. Rf3 Ng5 34. Nxg5+ Bxg5 35. a4 Re7 36. a5 Re1+ 37. Rf1 Rxf1+ 38. Kxf1 h3 39. Ra7+ Kh6 40. Ra8 h2 41. Rh8+ Kg7 42. Rh3 Bf4 43. a6 Ra2 44. a7 Rxa7 45. Kg2 Ra2+ 46. Kf3 Bd6 47. c4 g5 48. Rh5 g4+ 49. Ke3 Ra1 50. c5 h1=Q 51. Rxh1 Rxh1 52. cxd6 Kf7 53. Kf4 Ke6 54. d7 Kxd7 55. Kxf5 g3 56. Kxf6 g2 57. Ke5 g1=Q 58. Kxd5 Qe3 59. Kc5 Rc1+ 60. Kb5 Qb3+ 61. Ka5 Ra1# 0-1


[Site "https://www.chess.com"]

[Event "Titled Tuesday Blitz November 29 Late 2022"]
[White "Gatterer, Florian"]
[Black "Melian, Juan Sebastian"]
[WhiteFideId "811688"]
[BlackFideId "3706575"]
[WhiteElo "2218"]
[BlackElo "2044"]
[Result "0-1"]
[Round "09"]
[TimeControl "180+1"]
[Date "2022.11.30"]
[WhiteClock "0:00:21"]
[BlackClock "0:00:06"]

1. b3 e5 2. Bb2 Nc6 3. e3 d5 4. Bb5 Qd6 5. Nf3 f6 6. O-O Ne7 7. c4 a6 8. Bxc6+ Qxc6 9. d4 e4 10. Nfd2 f5 11. Nc3 Be6 12. Nxd5 Nxd5 13. cxd5 Bxd5 14. Rc1 Qh6 15. g3 Rc8 16. Nc4 Be7 17. Ne5 Bd6 18. Qd2 O-O 19. Bc3 Rfd8 20. Qe1 Qe6 21. Qe2 c5 22. Nc4 Bf8 23. dxc5 Bxc4 24. bxc4 Bxc5 25. Qb2 Rd7 26. Rfd1 Rcd8 27. Bd4 Qc6 28. Qc3 Qb6 29. Rb1 Qa7 30. Bxc5 Rxd1+ 31. Kg2 Qxc5 32. Rxb7 R1d7 33. Qb3 Rxb7 34. Qxb7 Qxc4 35. Qe7 Qd5 36. h4 h6 37. h5 Rf8 38. a4 Qf7 39. Qe5 Qxh5 40. Qe6+ Qf7 41. Qxa6 Qh5 42. Qc4+ Kh8 43. a5 Rd8 44. a6 Qf3+ 45. Kh2 Qxf2+ 46. Kh3 Rd1 47. Qc8+ Kh7 48. Qxf5+ Qxf5+ 49. g4 Qf3+ 50. Kh4 Rh1# 0-1


[Site "https://www.chess.com"]

[Event "Titled Tuesday Blitz November 29 Late 2022"]
[White "Gerbelli Neto, Eduardo"]
[Black "Rodriguez Fontecha, Marcos"]
[WhiteFideId "2103281"]
[BlackFideId "2256576"]
[WhiteElo "2178"]
[BlackElo "2263"]
[Result "1/2-1/2"]
[Round "09"]
[TimeControl "180+1"]
[Date "2022.11.30"]
[WhiteClock "0:00:16"]
[BlackClock "0:00:51"]

1. e4 e6 2. d4 c5 3. c3 b6 4. Nf3 Bb7 5. Bd3 Nf6 6. Qe2 d5 7. Nbd2 Be7 8. e5 Nfd7 9. Nf1 Nc6 10. Ng3 cxd4 11. cxd4 Nb4 12. O-O Nxd3 13. Qxd3 Qc7 14. Bg5 Bxg5 15. Nxg5 h6 16. Rac1 Qd8 17. Nxe6 fxe6 18. Qg6+ Kf8 19. Qxe6 Qe7 20. Qf5+ Kg8 21. Rc7 Bc8 22. e6 Qd8 23. Qf7+ Kh7 24. Rxc8 Rxc8 25. exd7 Rc7 26. Qf5+ Kg8 27. Qxd5+ Kh7 28. Qf5+ Kg8 29. Qe6+ Kh7 30. Qf5+ Kg8 31. Qe6+ Kf8 32. Qf5+ Kg8 1/2-1/2


[Site "https://www.chess.com"]

[Event "Titled Tuesday Blitz November 29 Late 2022"]
[White "Goncalves, Davi Sulzbacher"]
[Black "Rian, Kapriaga"]
[WhiteFideId "2154510"]
[BlackFideId "7103263"]
[WhiteElo "2182"]
[BlackElo "2362"]
[Result "1-0"]
[Round "09"]
[TimeControl "180+1"]
[Date "2022.11.30"]
[WhiteClock "0:00:04"]
[BlackClock "0:00:02"]

1. Nf3 f5 2. d4 Nf6 3. b3 e6 4. e3 d5 5. Bd3 Bd6 6. Ba3 O-O 7. O-O b6 8. Ne5 Nbd7 9. f4 Qe7 10. Qc1 a5 11. c4 Ba6 12. cxd5 Nxd5 13. Bxa6 Rxa6 14. Nc4 Bxa3 15. Nbxa3 a4 16. Nc2 Rfa8 17. Qd2 axb3 18. axb3 N7f6 19. Rxa6 Rxa6 20. Ne5 Ne4 21. Qd3 Ra2 22. Rc1 Qh4 23. g3 Nxg3 24. Qb5 Nf6 25. Qc6 Ne2+ 26. Kf1 Qh3+ 27. Kxe2 Qxh2+ 28. Kd3 1-0


[Site "https://www.chess.com"]

[Event "Titled Tuesday Blitz November 29 Late 2022"]
[White "Hansen, Eric"]
[Black "Abdyzhapar, Asylbek"]
[WhiteFideId "2606771"]
[BlackFideId "13800337"]
[WhiteElo "2568"]
[BlackElo "2323"]
[Result "1-0"]
[Round "09"]
[TimeControl "180+1"]
[Date "2022.11.30"]
[WhiteClock "0:00:03"]
[BlackClock "0:00:05"]

1. d4 Nf6 2. c4 e6 3. Nf3 c5 4. d5 d6 5. Nc3 exd5 6. cxd5 g6 7. Bf4 Bg7 8. e3 O-O 9. h3 Qe7 10. Nd2 Nbd7 11. Be2 a6 12. a4 Rb8 13. O-O Ne8 14. Re1 f5 15. Bh2 g5 16. Nc4 Ne5 17. Nb6 f4 18. exf4 gxf4 19. Bf1 f3 20. Ra3 Bf5 21. Nc4 fxg2 22. Bxg2 Bg6 23. f4 Qh4 24. Nxe5 dxe5 25. fxe5 Rf2 26. Rf1 Rxf1+ 27. Kxf1 b5 28. axb5 axb5 29. Ne2 b4 30. Ra7 c4 31. Kg1 Bd3 32. Kh1 Qh5 33. Nc3 Qg6 34. Na4 Be4 35. Qe2 Bxg2+ 36. Qxg2 Qd3 37. d6 c3 38. Nc5 Qd1+ 39. Bg1 c2 40. Ne6 1-0


[Site "https://www.chess.com"]

[Event "Titled Tuesday Blitz November 29 Late 2022"]
[White "Haszon, David"]
[Black "Gubajdullin, Alexei"]
[WhiteFideId "733610"]
[BlackFideId "4141202"]
[WhiteElo "2211"]
[BlackElo "2230"]
[Result "0-1"]
[Round "09"]
[TimeControl "180+1"]
[Date "2022.11.30"]
[WhiteClock "0:01:19"]
[BlackClock "0:02:21"]

1. d4 d5 2. Bf4 Nf6 3. e3 Bf5 4. c4 e6 5. Qb3 Nc6 6. Nf3 Nb4 7. Na3 a5 8. Nh4 Bc2 9. Nxc2 a4 10. Qxb4 Bxb4+ 11. Nxb4 c5 12. dxc5 a3 13. Nc2 axb2 14. Rb1 Ne4 15. Rxb2 Qxh4 16. cxd5 Qxf2+ 0-1


[Site "https://www.chess.com"]

[Event "Titled Tuesday Blitz November 29 Late 2022"]
[White "Hjartarson, Johann"]
[Black "Ibarra Jerez, Jose Carlos"]
[WhiteFideId "2300044"]
[BlackFideId "2226332"]
[WhiteElo "2458"]
[BlackElo "2638"]
[Result "0-1"]
[Round "09"]
[TimeControl "180+1"]
[Date "2022.11.30"]
[WhiteClock "0:00:29"]
[BlackClock "0:00:21"]

1. e4 c5 2. Nf3 e6 3. d4 cxd4 4. Nxd4 Bc5 5. Nb3 Bb6 6. Bd3 Ne7 7. O-O O-O 8. Nc3 f5 9. Kh1 f4 10. a4 Nbc6 11. f3 Ng6 12. Bd2 Qg5 13. a5 Nxa5 14. Nxa5 Bxa5 15. e5 Bc7 16. Ne4 Qxe5 17. Bc3 Qh5 18. Bb4 d5 19. Nd6 Rd8 20. Nxc8 Rdxc8 21. c4 Bb6 22. Qb3 Be3 23. cxd5 Qxd5 24. Qa3 Nh4 25. Rfd1 Qg5 26. Bf1 Rc2 27. Be7 Rxg2 28. Qxe3 Rxh2+ 0-1


[Site "https://www.chess.com"]

[Event "Titled Tuesday Blitz November 29 Late 2022"]
[White "Hoffmann, Asa"]
[Black "Sabar, Ethmane Daouda"]
[WhiteFideId "2001470"]
[BlackFideId "19600097"]
[WhiteElo "2117"]
[BlackElo "1950"]
[Result "1-0"]
[Round "09"]
[TimeControl "180+1"]
[Date "2022.11.30"]
[WhiteClock "0:01:04"]
[BlackClock "0:00:24"]

1. d4 d5 2. Bg5 c6 3. e3 h6 4. Bh4 g6 5. Bd3 Bg7 6. c4 Qb6 7. Qb3 dxc4 8. Bxc4 e6 9. Nc3 Nd7 10. Nf3 Ne7 11. e4 Bxd4 12. Nxd4 Qxd4 13. Rd1 Qb6 14. Qa3 g5 15. Bg3 Qc5 16. Qb3 b5 17. Bxe6 fxe6 18. Qxe6 Nf8 19. Qf6 Rh7 20. Rd8+ Kxd8 21. Qxf8+ Kd7 22. O-O Ke6 23. Rd1 Rf7 24. Qxh6+ Rf6 25. Qh3+ Kf7 26. Qh7+ Ke6 27. Rd6+ Qxd6 28. Bxd6 Kxd6 29. e5+ Kxe5 30. Qxe7+ Be6 31. Qc7+ Kf5 32. Qxc6 1-0


[Site "https://www.chess.com"]

[Event "Titled Tuesday Blitz November 29 Late 2022"]
[White "Iinuma, Paul Y"]
[Black "Toniutti, Ezio"]
[WhiteFideId "2031809"]
[BlackFideId "113034"]
[WhiteElo "2066"]
[BlackElo "2215"]
[Result "0-1"]
[Round "09"]
[TimeControl "180+1"]
[Date "2022.11.30"]
[WhiteClock "0:00:16"]
[BlackClock "0:00:13"]

1. Nf3 d5 2. d4 Nf6 3. g3 Bf5 4. Bg2 e6 5. O-O Be7 6. c4 c6 7. Nbd2 O-O 8. b3 Nbd7 9. Bb2 h6 10. Re1 a5 11. Nh4 Bh7 12. e4 dxe4 13. Nxe4 a4 14. Nxf6+ Bxf6 15. Nf3 axb3 16. axb3 Qb6 17. Rxa8 Rxa8 18. Ne5 Nxe5 19. dxe5 Be7 20. Bd4 Qb4 21. Be3 Ra2 22. Re2 Rxe2 23. Qxe2 Qxb3 24. Bf1 Bb4 25. Qg4 Bf5 26. Qd4 Qb1 27. g4 Bg6 28. f3 Kh7 29. h4 h5 30. Kg2 Qa2+ 31. Kh3 Be1 32. Bg2 Qc2 33. Qf4 Bf2 34. Bd2 Qd3 35. Bb4 c5 36. Ba5 Be3 37. Qg3 Qe2 38. Be1 Bd4 39. f4 hxg4+ 40. Kh2 Bf5 41. Kh1 Be3 42. h5 Bxf4 43. Qxf4 Qxe1+ 44. Kh2 Qh4+ 45. Kg1 Qxh5 46. Bxb7 Qh3 47. Bg2 Qd3 48. Kh2 Qe2 49. Kg3 Kg6 50. Kh4 Qe1+ 51. Qg3 Qxg3+ 52. Kxg3 f6 53. Kf4 Kf7 54. Bc6 Bd3 55. exf6 gxf6 56. Kxg4 Bxc4 57. Kf4 Bd5 58. Ke3 Bxc6 59. Kd2 Bd5 60. Kc3 e5 0-1


[Site "https://www.chess.com"]

[Event "Titled Tuesday Blitz November 29 Late 2022"]
[White "Indjic, Aleksandar"]
[Black "Kowalski, Igor"]
[WhiteFideId "911925"]
[BlackFideId "1172468"]
[WhiteElo "2592"]
[BlackElo "2317"]
[Result "1/2-1/2"]
[Round "09"]
[TimeControl "180+1"]
[Date "2022.11.30"]
[WhiteClock "0:00:05"]
[BlackClock "0:00:21"]

1. e4 c6 2. d3 d5 3. Nf3 dxe4 4. dxe4 Qxd1+ 5. Kxd1 Nf6 6. Nfd2 h5 7. f3 g5 8. a4 g4 9. Nc4 Be6 10. Be3 h4 11. Nbd2 Nbd7 12. f4 O-O-O 13. Bd3 Kb8 14. Ke2 Bg7 15. c3 Nh5 16. Rhf1 g3 17. h3 Bh6 18. f5 Bxc4 19. Nxc4 Bxe3 20. Kxe3 f6 21. Be2 Ng7 22. b4 Ne8 23. Rad1 Kc7 24. Rf4 Nd6 25. Nxd6 exd6 26. Bc4 Ne5 27. Be6 a5 28. Ra1 Ra8 29. Rff1 Rhd8 30. Rf4 Rh8 31. Rff1 b5 32. axb5 axb4 33. cxb4 cxb5 34. Bd5 Rxa1 35. Rxa1 Kb6 36. Rc1 Rf8 37. Kd4 Re8 38. Be6 Nc6+ 39. Kc3 Ra8 40. Bd5 Rc8 41. Rd1 Ne7+ 42. Kb3 Rd8 43. Rc1 Rb8 44. Rc3 Rd8 45. Rc2 Rb8 46. Rc1 Rd8 47. Rf1 Nxd5 48. exd5 Re8 49. Rf4 Re3+ 50. Kc2 Re2+ 51. Kd3 Rxg2 52. Rxh4 Rb2 53. Rg4 g2 54. h4 Rxb4 55. Rxg2 Rxh4 56. Rg6 Kc5 57. Rxf6 Kxd5 58. Rf8 Rh3+ 59. Kd2 Kd4 60. f6 Rh2+ 61. Kc1 d5 62. Rb8 Rf2 63. Rxb5 Rxf6 64. Rb3 Rf2 65. Rh3 Kc4 66. Rh4+ d4 67. Rh3 Re2 68. Kd1 Ra2 69. Kc1 Ra1+ 70. Kb2 Ra8 71. Kc1 Re8 72. Kd2 Re4 73. Kc1 d3 74. Rh8 Kd4 75. Kd1 Ke3 76. Rh3+ Kd4 77. Rh8 Rg4 78. Rd8+ Ke3 79. Re8+ Kf3 80. Rf8+ Ke3 81. Re8+ Re4 82. Rxe4+ Kxe4 83. Kd2 Kd4 84. Kd1 Kc3 85. Kc1 d2+ 86. Kd1 Kd3 1/2-1/2


[Site "https://www.chess.com"]

[Event "Titled Tuesday Blitz November 29 Late 2022"]
[White "Jaracz, Pawel"]
[Black "Czopor, Maciej"]
[WhiteFideId "1102222"]
[BlackFideId "21805431"]
[WhiteElo "2459"]
[BlackElo "2324"]
[Result "1-0"]
[Round "09"]
[TimeControl "180+1"]
[Date "2022.11.30"]
[WhiteClock "0:00:35"]
[BlackClock "0:00:01"]

1. d4 Nf6 2. c4 g6 3. Nc3 Bg7 4. e4 O-O 5. Nf3 d6 6. Be2 e5 7. O-O Nc6 8. d5 Ne7 9. Ne1 Nd7 10. Nd3 f5 11. f3 f4 12. b4 g5 13. c5 Nf6 14. a4 h5 15. a5 Ng6 16. Nf2 Rf7 17. c6 Bh6 18. cxb7 Bxb7 19. b5 Rg7 20. h3 Nh4 21. Ra3 Kh8 22. Na2 Qg8 23. Rc3 Rf8 24. Ba3 g4 25. fxg4 hxg4 26. hxg4 Bc8 27. Rh3 Bg5 28. b6 axb6 29. axb6 Rh7 30. bxc7 f3 31. Bxf3 Be3 32. Bxd6 Nxg4 33. Bxg4 Qxg4 34. Bxe5+ Kg8 35. Qxg4+ Bxg4 36. Rxe3 Ng6 37. Bd6 1-0


[Site "https://www.chess.com"]

[Event "Titled Tuesday Blitz November 29 Late 2022"]
[White "Jimenez, Joaquin"]
[Black "Liu, Kelsey"]
[WhiteFideId "109860"]
[BlackFideId "30944481"]
[WhiteElo "2163"]
[BlackElo "2273"]
[Result "1-0"]
[Round "09"]
[TimeControl "180+1"]
[Date "2022.11.30"]
[WhiteClock "0:01:40"]
[BlackClock "0:00:01"]

1. c4 Nf6 2. Nc3 e6 3. g3 d5 4. Bg2 dxc4 5. Qa4+ Bd7 6. Qxc4 c6 7. d4 Bd6 8. Nf3 O-O 9. e4 Be7 10. Bg5 Na6 11. Bxf6 Bxf6 12. e5 Be7 13. Ne4 Rc8 14. O-O c5 15. Rfd1 b5 16. Qe2 c4 17. d5 exd5 18. Rxd5 Qc7 19. Nd4 Rb8 20. Rd1 Nb4 21. Nc3 Nxd5 22. Nxd5 Qc5 23. e6 fxe6 24. Nxe6 Bxe6 25. Qxe6+ Rf7 26. Nxe7+ Qxe7 27. Bd5 Qxe6 28. Bxe6 Rf8 29. Rd7 a6 30. Ra7 g6 31. Rxa6 Kg7 32. Bxf7 Rxf7 33. Rb6 Rf5 34. f4 Rd5 35. h3 Kf7 36. Rb7+ Kf6 37. Rxh7 Rd2 38. b3 Rxa2 39. bxc4 bxc4 40. Rc7 Rc2 41. g4 1-0


[Site "https://www.chess.com"]

[Event "Titled Tuesday Blitz November 29 Late 2022"]
[White "Joubert, Dantelle"]
[Black "Romero Ruscalleda, Josep"]
[WhiteFideId "14310813"]
[BlackFideId "2231859"]
[WhiteElo "1507"]
[BlackElo "2183"]
[Result "0-1"]
[Round "09"]
[TimeControl "180+1"]
[Date "2022.11.30"]
[WhiteClock "0:00:01"]
[BlackClock "0:01:01"]

1. d4 g6 2. c4 Bg7 3. Nc3 d6 4. e4 e5 5. dxe5 dxe5 6. Qxd8+ Kxd8 7. Be3 Bh6 8. O-O-O+ Bd7 9. Bxh6 Nxh6 10. f3 f6 11. Nd5 Rf8 12. c5 c6 13. Ne3 Ke7 14. Bc4 Be6 15. Bxe6 Kxe6 16. Rd6+ Ke7 17. Ne2 Na6 18. Rhd1 Rad8 19. Rxd8 Rxd8 20. Nc4 Rxd1+ 21. Kxd1 Nxc5 22. Na5 Kd7 23. b4 Nd3 24. Nxb7 Nxb4 25. Nc5+ Kd6 26. Na4 Nxa2 27. Kc2 Nb4+ 28. Kc3 c5 29. Kc4 Nc2 30. Nxc5 Ne3+ 31. Kb5 Nxg2 32. Na4 Ne1 33. f4 Nd3 34. fxe5+ Kxe5 35. Kc4 Nf2 36. Nc5 Nxe4 37. Nd7+ Kd6 38. Nf8 Ng4 39. Nxh7 Ne5+ 40. Kd4 Nc5 41. Nxf6 Ne6+ 42. Kc3 Nf3 43. h3 Ke5 44. Nd7+ Kd6 0-1


[Site "https://www.chess.com"]

[Event "Titled Tuesday Blitz November 29 Late 2022"]
[White "Keymer, Vincent"]
[Black "Quesada Perez, Yuniesky"]
[WhiteFideId "12940690"]
[BlackFideId "3504409"]
[WhiteElo "2600"]
[BlackElo "2599"]
[Result "1-0"]
[Round "09"]
[TimeControl "180+1"]
[Date "2022.11.30"]
[WhiteClock "0:00:47"]
[BlackClock "0:00:01"]

1. Nf3 d5 2. e3 Nf6 3. c4 c6 4. Nc3 e6 5. b3 Nbd7 6. Qc2 Bd6 7. Bb2 O-O 8. Be2 b6 9. Rg1 Bb7 10. g4 c5 11. g5 Ne4 12. cxd5 exd5 13. Nxe4 dxe4 14. Qc3 f6 15. Bc4+ Kh8 16. gxf6 Rxf6 17. Qxf6 Nxf6 18. Ng5 Qe7 19. Nf7+ Kg8 20. Nxd6+ Kf8 21. Nf5 Qd7 22. Nxg7 Nd5 23. Nh5 b5 24. Rg8+ Kxg8 25. Nf6+ Kf7 26. Nxd7 bxc4 27. Nxc5 Bc6 28. bxc4 Nb4 29. Ke2 Rd8 30. Rg1 Nd3 31. Rg7+ Kf8 32. Ne6+ 1-0


[Site "https://www.chess.com"]

[Event "Titled Tuesday Blitz November 29 Late 2022"]
[White "Khandelwal, Ankush"]
[Black "Rodriguez Santiago, Jaime"]
[WhiteFideId "413470"]
[BlackFideId "3100898"]
[WhiteElo "2271"]
[BlackElo "2025"]
[Result "1-0"]
[Round "09"]
[TimeControl "180+1"]
[Date "2022.11.30"]
[WhiteClock "0:00:17"]
[BlackClock "0:00:17"]

1. e4 c6 2. d4 d5 3. e5 Bf5 4. h4 h5 5. Bd3 Bxd3 6. Qxd3 Qa5+ 7. Nd2 e6 8. Nf3 Nh6 9. O-O Nf5 10. Nb3 Qa6 11. Qd1 Be7 12. g3 Nd7 13. Bg5 f6 14. exf6 gxf6 15. Bf4 c5 16. Re1 cxd4 17. Nfxd4 Nxd4 18. Nxd4 e5 19. Nf5 Qc6 20. Bh6 Bc5 21. Qxh5+ Kd8 22. c3 Kc7 23. b4 Bb6 24. Qf7 Rag8 25. Rad1 Kb8 26. Rxd5 Nf8 27. Red1 Ng6 28. Bg7 Nf4 29. gxf4 Rxh4 30. Qxg8+ Qc8 31. Rd8 Bxd8 32. Rxd8 Rg4+ 33. Kf1 1-0


[Site "https://www.chess.com"]

[Event "Titled Tuesday Blitz November 29 Late 2022"]
[White "Kim, Sergey"]
[Black "Gurevich, Dmitry"]
[WhiteFideId "13700570"]
[BlackFideId "2000407"]
[WhiteElo "2603"]
[BlackElo "2506"]
[Result "0-1"]
[Round "09"]
[TimeControl "180+1"]
[Date "2022.11.30"]
[WhiteClock "0:00:08"]
[BlackClock "0:00:03"]

1. d4 Nf6 2. c4 a6 3. Nc3 c5 4. e3 g6 5. Nf3 Bg7 6. d5 O-O 7. e4 b5 8. cxb5 axb5 9. Bxb5 Nxe4 10. Nxe4 Qa5+ 11. Nc3 Bxc3+ 12. bxc3 Qxb5 13. Qe2 Qxe2+ 14. Kxe2 d6 15. Bh6 Re8 16. Kd3 Ra4 17. c4 Ba6 18. Nd2 Nd7 19. f4 Nb6 20. Rhe1 Nxc4 21. Ne4 f6 22. Nxf6+ Kf7 23. Nxe8 Kxe8 24. Kc3 Ra3+ 25. Kc2 Ne3+ 26. Kb2 Rd3 27. Bg5 h5 28. f5 Nxf5 29. Rad1 Rxd1 30. Rxd1 Kd7 31. a4 e6 32. dxe6+ Kxe6 33. a5 d5 34. Re1+ Kd7 35. Re5 Bb7 36. a6 Bxa6 37. Rxd5+ Kc6 38. Re5 Bc4 39. Kc3 Bd5 40. Re8 Nd6 41. Re5 Ne4+ 42. Kb2 Nd6 43. Bf4 Nc4+ 44. Kc3 Nxe5 45. Bxe5 Bxg2 46. h4 g5 47. hxg5 Be4 48. Bg3 Bg6 49. Kc4 Bf7+ 50. Kc3 Kd5 51. Be1 Ke4 52. Bf2 c4 53. g6 Bg8 54. g7 Kf3 55. Bh4 Kg4 56. Bf6 h4 57. Kd2 h3 58. Ke2 h2 59. Kf2 h1=Q 0-1


[Site "https://www.chess.com"]

[Event "Titled Tuesday Blitz November 29 Late 2022"]
[White "Kleiman, Jake"]
[Black "Tristan, Leonardo"]
[WhiteFideId "2020041"]
[BlackFideId "113816"]
[WhiteElo "2621"]
[BlackElo "2461"]
[Result "0-1"]
[Round "09"]
[TimeControl "180+1"]
[Date "2022.11.30"]
[WhiteClock "0:00:03"]
[BlackClock "0:00:33"]

1. e4 d5 2. exd5 Qxd5 3. Nc3 Qa5 4. d4 Nf6 5. Bc4 Bg4 6. f3 Bd7 7. Ne2 e6 8. Bd2 Qb6 9. Bb3 Be7 10. O-O O-O 11. Kh1 c5 12. Be3 Qc7 13. Bf4 Bd6 14. Bxd6 Qxd6 15. d5 Qa6 16. dxe6 Bxe6 17. Bxe6 Qxe6 18. Nf4 Qe5 19. Nd3 Qh5 20. Ne4 Nxe4 21. fxe4 Qxd1 22. Raxd1 Na6 23. Nf4 c4 24. Rd5 Rfe8 25. e5 Nb4 26. Rb5 Nxc2 27. Rxb7 Rxe5 28. h3 h6 29. Rf3 a5 30. Kh2 Rd8 31. h4 Rd2 32. Nh3 Ree2 33. Rg3 Ne3 34. Nf4 Nf1+ 35. Kh3 Nxg3 36. Nxe2 0-1


[Site "https://www.chess.com"]

[Event "Titled Tuesday Blitz November 29 Late 2022"]
[White "Koellner, Ruben Gideon"]
[Black "Papasimakopoulos, Alexandros"]
[WhiteFideId "12993093"]
[BlackFideId "4244125"]
[WhiteElo "2303"]
[BlackElo "2365"]
[Result "1-0"]
[Round "09"]
[TimeControl "180+1"]
[Date "2022.11.30"]
[WhiteClock "0:00:41"]
[BlackClock "0:01:32"]

1. d4 f5 2. Bg5 c6 3. e3 Qb6 4. Nd2 d5 5. c4 e6 6. Qb3 Nd7 7. c5 Qc7 8. f4 h6 9. Bh4 Ngf6 10. Bxf6 Nxf6 11. Qc2 b6 12. b4 a5 13. cxb6 Qxb6 14. bxa5 Rxa5 15. Ngf3 c5 16. Rb1 Qa7 17. Bb5+ Bd7 18. a4 c4 19. O-O Bd6 20. Ne5 Bxe5 21. fxe5 Bxb5 22. exf6 Bxa4 23. fxg7 Rg8 24. Qb2 Bb5 25. Ra1 Rxg7 26. Rxa5 Qxa5 27. Ra1 c3 28. Rxa5 cxb2 29. Rxb5 Rc7 30. Rxb2 Rc3 31. Kf2 Kf7 32. Nf3 Rc7 33. Ne5+ Kf6 34. Kf3 Ra7 35. g3 h5 36. h4 Ra1 37. Nd3 Rd1 38. Nf4 Rf1+ 39. Rf2 Re1 40. Nxh5+ Kg6 41. Nf4+ Kf6 42. Ra2 Rf1+ 43. Kg2 Re1 44. Kf2 Ra1 45. Rxa1 1-0


[Site "https://www.chess.com"]

[Event "Titled Tuesday Blitz November 29 Late 2022"]
[White "Korobov, Anton"]
[Black "Fedoseev, Vladimir"]
[WhiteFideId "14105730"]
[BlackFideId "24130737"]
[WhiteElo "2635"]
[BlackElo "2726"]
[Result "0-1"]
[Round "09"]
[TimeControl "180+1"]
[Date "2022.11.30"]
[WhiteClock "0:00:18"]
[BlackClock "0:00:15"]

1. d4 Nf6 2. c4 g6 3. Nc3 d5 4. cxd5 Nxd5 5. e4 Nxc3 6. bxc3 Bg7 7. Bc4 c5 8. Ne2 Nc6 9. Be3 O-O 10. O-O b6 11. Rc1 Bb7 12. h4 e6 13. h5 Qh4 14. hxg6 hxg6 15. f3 Rad8 16. Bb5 a6 17. Bxc6 Bxc6 18. Qd2 Bf6 19. Bh6 Rfe8 20. Be3 Bb5 21. Rfd1 Kg7 22. Bf2 Qh7 23. c4 Ba4 24. d5 Bxd1 25. Rxd1 Rh8 26. Bg3 Qh5 27. Qe3 b5 28. e5 Bg5 29. Bf4 Qh1+ 30. Kf2 Bh4+ 31. Bg3 Qxd1 32. Bxh4 Rxh4 33. Qg5 Rf8 34. Qxh4 exd5 35. Qf6+ Kg8 36. e6 dxc4 37. exf7+ Rxf7 38. Qxg6+ Kf8 39. Qh6+ Ke7 40. Qxa6 Qd7 41. Qb6 Rf5 42. g4 Re5 43. f4 Rxe2+ 44. Kxe2 Qxg4+ 45. Ke3 Qe6+ 46. Qxe6+ Kxe6 47. Ke4 b4 0-1


[Site "https://www.chess.com"]

[Event "Titled Tuesday Blitz November 29 Late 2022"]
[White "Leitao, Rafael"]
[Black "Nugumanov, Bakhtiyar"]
[WhiteFideId "2101246"]
[BlackFideId "13701797"]
[WhiteElo "2609"]
[BlackElo "2287"]
[Result "1-0"]
[Round "09"]
[TimeControl "180+1"]
[Date "2022.11.30"]
[WhiteClock "0:00:24"]
[BlackClock "0:00:01"]

1. c4 Nf6 2. Nc3 c5 3. Nf3 Nc6 4. e3 e5 5. d4 cxd4 6. exd4 exd4 7. Nxd4 Bb4 8. Nb5 O-O 9. a3 Bc5 10. Be2 a6 11. Nd6 Qc7 12. Nde4 Nxe4 13. Nxe4 Bd4 14. O-O Re8 15. Ng5 h6 16. Nf3 Bf6 17. Ra2 Ne7 18. b4 Ng6 19. g3 b6 20. Rd2 Re7 21. Rd6 Bb7 22. Be3 b5 23. c5 Rae8 24. Qd2 Ne5 25. Nd4 Nc4 26. Bxc4 bxc4 27. Bf4 Qc8 28. Bxh6 Ba8 29. Bg5 Qb7 30. c6 dxc6 31. Bxf6 1-0


[Site "https://www.chess.com"]

[Event "Titled Tuesday Blitz November 29 Late 2022"]
[White "Lewtak, Damian"]
[Black "Hambleton, Aman"]
[WhiteFideId "1141724"]
[BlackFideId "2606577"]
[WhiteElo "2329"]
[BlackElo "2538"]
[Result "1-0"]
[Round "09"]
[TimeControl "180+1"]
[Date "2022.11.30"]
[WhiteClock "0:00:03"]
[BlackClock "0:00:01"]

1. e4 c5 2. Nf3 e6 3. d4 cxd4 4. Nxd4 Nc6 5. Nxc6 bxc6 6. Bd3 d5 7. O-O Bd6 8. c4 Nf6 9. cxd5 cxd5 10. Bg5 dxe4 11. Bxe4 Rb8 12. Bc6+ Ke7 13. Nc3 Qc7 14. Qf3 Rb6 15. Ba8 h6 16. Bxf6+ gxf6 17. Rfe1 Bxh2+ 18. Kh1 Be5 19. Ne4 Bb7 20. Rac1 Qb8 21. Bxb7 Qxb7 22. Qa3+ Rb4 23. Nc5 Rh4+ 24. Kg1 Bh2+ 25. Kf1 Qb5+ 26. Nd3+ Kd7 27. Re2 Bb8 28. Nc5+ Ke8 29. g3 Rc4 30. Rxc4 Qxc4 31. Ne4 f5 32. Nf6+ Kd8 33. b3 Qb5 34. Ke1 Kc8 35. Qe7 1-0


[Site "https://www.chess.com"]

[Event "Titled Tuesday Blitz November 29 Late 2022"]
[White "Lopez Mulet, Inigo"]
[Black "Buchenau, Frank"]
[WhiteFideId "22235620"]
[BlackFideId "4604350"]
[WhiteElo "2289"]
[BlackElo "2157"]
[Result "0-1"]
[Round "09"]
[TimeControl "180+1"]
[Date "2022.11.30"]
[WhiteClock "0:01:19"]
[BlackClock "0:00:57"]

1. e4 e6 2. Nf3 d5 3. Nc3 Nf6 4. Bd3 c5 5. e5 Nfd7 6. O-O Nc6 7. Re1 Be7 8. Bf1 O-O 9. a3 d4 10. Ne4 Ndxe5 11. Nxe5 Nxe5 12. Nxc5 Qc7 13. Qh5 Qxc5 14. Qxe5 Qxc2 15. Qxd4 Bf6 16. Qe3 Bd7 17. Bd3 Qc7 18. Be4 Bc6 19. d3 Rfd8 20. Rb1 Bxe4 21. dxe4 Qc2 22. Ra1 Rd1 23. e5 Rad8 24. Bd2 Rxa1 25. Rxa1 Qxb2 26. Rd1 Qxe5 27. Kf1 Qxe3 28. fxe3 Bc3 0-1


[Site "https://www.chess.com"]

[Event "Titled Tuesday Blitz November 29 Late 2022"]
[White "Maksimovic, Bojan"]
[Black "Svane, Frederik"]
[WhiteFideId "14408120"]
[BlackFideId "12923044"]
[WhiteElo "2447"]
[BlackElo "2466"]
[Result "1/2-1/2"]
[Round "09"]
[TimeControl "180+1"]
[Date "2022.11.30"]
[WhiteClock "0:00:09"]
[BlackClock "0:00:24"]

1. e4 e5 2. Nf3 Nc6 3. Bb5 Nf6 4. O-O Nxe4 5. Re1 Nd6 6. Nxe5 Be7 7. Bf1 Nxe5 8. Rxe5 O-O 9. d4 Bf6 10. Re1 Re8 11. c3 Rxe1 12. Qxe1 Nf5 13. a4 d5 14. Nd2 c6 15. a5 Be7 16. Nf3 Bd6 17. Bd3 a6 18. Bd2 Be6 19. Ng5 Bd7 20. g4 h6 21. gxf5 hxg5 22. Qe2 Qf6 23. Qg4 Be7 24. Re1 Re8 25. Qg3 Bxf5 26. Bxg5 Qg6 27. Bxf5 Qxf5 28. Bxe7 Qd7 29. Qe5 f6 30. Qe2 Kf7 31. Qh5+ Kg8 32. Qe2 Kf7 33. Qh5+ Kg8 34. Qe2 1/2-1/2


[Site "https://www.chess.com"]